 Dungeon Crawl Stone Soup version 0.27-a0-333-gfa571bf19a (webtiles) character file.

Game seed: 11071905146872083653

128 ReteAZ the Ducker (level 5, -3/36 HPs)
             Began as an Octopode Gladiator on Feb 12, 2021.
             Slain by an orc wizard
             ... wielding a +0 dagger
              (6 damage)
             ... on level 3 of the Dungeon.
             The game lasted 00:02:14 (1990 turns).

ReteAZ the Ducker (Octopode Gladiator)              Turns: 1990, Time: 00:02:14

Health: -3/36      AC:  1    Str: 14    XL:     5   Next: 11%
Magic:  5/5        EV: 15    Int: 10    God:
Gold:   80         SH:  0    Dex: 14    Spells: 4/4 levels left

rFire    . . .     SeeInvis .   a - +0 quarterstaff
rCold    . . .     Faith    .   (shield currently unavailable)
rNeg     . . .     Spirit   .   b - +0 hat
rPois    .         Reflect  .   (no amulet)
rElec    .         Harm     .   k - ring of flight
rCorr    .         Rampage  .   (no ring)
Will     .....                  (no ring)
Stlth    ++........             (no ring)
HPRegen  0.12/turn              (no ring)
MPRegen  0.09/turn              (no ring)
                                (no ring)
                                (no ring)

@: no status effects
A: almost no armour, stealthy swim, amphibious, 8 rings, constrict 8, camouflage
1, gelatinous body 1
a: Evoke Flight


You were on level 3 of the Dungeon.
You visited 1 branch of the dungeon, and saw 3 of its levels.

You collected 80 gold pieces.

Inventory:

Hand Weapons
 a - a +0 quarterstaff (weapon)
Missiles
 c - 3 throwing nets (quivered)
 l - 2 boomerangs
Armour
 b - a +0 hat (worn)
Jewellery
 k - a ring of flight (left tentacle)
 m - a ring of magical power {unknown}
Scrolls
 d - 5 scrolls of magic mapping {unknown}
 e - 5 scrolls of identify {unknown}
 h - a scroll of teleportation {unknown}
 j - a scroll of blinking {unknown}
Potions
 f - 3 potions of degeneration {unknown}
 g - 2 potions of heal wounds {unknown}
 i - 4 potions of curing {unknown}


   Skills:
 + Level 3.0 Fighting
 + Level 3.7 Staves
 - Level 2.0 Throwing
 * Level 4.5 Dodging


You had 4 spell levels left.
You didn't know any spells.
Your spell library was empty.

Dungeon Overview and Level Annotations

Branches:
Dungeon (3/15)

Altars:
Gozag

Annotations:
D:2 1 runed translucent door, Crazy Yiuf


Innate Abilities, Weirdness & Mutations

You cannot wear most types of armour.
You are very stealthy in the water. (Stealth+)
You are amphibious.
You can wear up to eight rings at the same time.
You can use your tentacles to constrict eight enemies at once.
Your skin changes colour to match your surroundings (Stealth+).
Your rubbery body absorbs attacks. (AC +1, EV +1)


Message History

You are too injured to fight recklessly!
You miss the bat. Your grab misses the bat. The bat barely misses you. x3
The ooze closely misses you. The goblin barely misses you.
The bat closely misses you. The bat misses you. The bat barely misses you.
The jackal bites you. The jackal barely misses you. The bat closely misses you.
The bat barely misses you.
You hit the jackal but do no damage. Your grab misses the jackal.
You squeeze the jackal.
You kill the jackal!
You sock the ooze!
You kill the ooze!
The bat barely misses you. x2
You hit the bat. Your grab misses the bat. You squeeze the bat.
You kill the bat!
You closely miss the giant cockroach. Your grab misses the giant cockroach.
You squeeze the giant cockroach.
The giant cockroach is almost dead.
The giant cockroach barely misses you.
You hit the giant cockroach but do no damage.
Your grab misses the giant cockroach.
The giant cockroach is almost dead.
The giant cockroach bites you. x2
You barely miss the giant cockroach. Your grab misses the giant cockroach.
The giant cockroach is almost dead.
The giant cockroach closely misses you.
You hit the giant cockroach.
You kill the giant cockroach!
Something hits you.
* * * LOW HITPOINT WARNING * * *
You hit something but do no damage. Something hits you.
* * * LOW HITPOINT WARNING * * *
You sock something!
You hear some strange, mumbled words.
Something tries to affect you, but you resist.
You closely miss something. Something hits you.
* * * LOW HITPOINT WARNING * * *
You miss something. Something hits you.
You die... ........# Sgo

........##.# .
.........l.####. ...
###..........
...###....#######.
..........o######...
........†.ol......#
.$.........#S######
...........#g{@#
...........#+#####
...###.†.......(.#########
... ######......#...<...+
# #####......#.......#
#..........#.......#
#....[.....#..#.#+##
#..........#..#.....
#..........#......#


You could see an adder, 2 orcs, a goblin and a frilled lizard.

Vanquished Creatures
  A bullfrog zombie (D:2)
  2 adders
  3 oozes
  2 worms
  A dart slug (D:2)
  4 orcs (D:2)
  A ball python (D:2)
  5 giant cockroaches
  6 goblins
  2 hobgoblins (D:2)
  4 jackals
  3 kobolds
  A quokka (D:2)
  4 bats
  A frilled lizard (D:3)
  12 rats
52 creatures vanquished.

Notes
Turn   | Place    | Note
-------+----------+-------------------------------------------
     0 | D:1      | ReteAZ the Octopode Gladiator began the quest for the Orb.
     0 | D:1      | Reached XP level 1. HP: 14/14 MP: 1/1
   294 | D:1      | Reached XP level 2. HP: 19/19 MP: 2/2
   968 | D:2      | Reached XP level 3. HP: 25/25 MP: 3/3
   997 | D:2      | Reached skill level 4 in Dodging
   997 | D:2      | Reached XP level 4. HP: 30/30 MP: 4/4
  1135 | D:2      | Found an opulent altar of Gozag.
  1411 | D:2      | Found a runed translucent door.
  1412 | D:2      | Noticed Crazy Yiuf
  1961 | D:3      | Reached XP level 5. HP: 36/36 MP: 5/5
  1990 | D:3      | Slain by an orc wizard

Illustrated notes

Levels and vault maps discovered:
D:1:      dpeg_arrival_prison, layout_basic
D:2:      layout_loops_corners, lemuel_crystal_altar, uniq_crazy_yiuf_cottage
D:3:      layout_basic, okawaru_metal_pillars_3, grunt_temple_overflow_open,
          chequers_jeans, palyth_stone_intersect, minmay_guardbox

Skill      XL: |  1  2  3  4 |
---------------+-------------+-----
Dodging        | 4 |  4.5
Fighting       | 3 |  3.0
Staves         | |  3.7
Throwing       | |  2.0

Action                   |  1- 3 |  4- 6 || total
-------------------------+-------+-------++-------
Melee: Quarterstaff      |    29 |    59 ||    88
       Constrict         |     7 |    12 ||    19
       Tentacles         |     5 |    14 ||    19
 Stab: Sleeping          |     8 |     6 ||    14
Armor: Skin              |     1 |     7 ||     8
Dodge: Dodged            |    11 |    45 ||    56

Table legend: (Time is in decaauts)
 A = Elapsed time spent in this place.
 B = Non-inter-level travel time spent in this place.
 C = Inter-level travel time spent in this place.
 D = Time resting spent in this place.
 E = Time spent auto-exploring this place.
 F = Levels seen in this place.
 G = Mean time per level.
                   A        B        C        D        E       F      G
               +--------+--------+--------+--------+--------+-----+--------+
         Total |   2000 |   1959 |     41 |      0 |   1682 |   3 |  666.7 |
       Dungeon |   2000 |   1959 |     41 |      0 |   1682 |   3 |  666.7 |
               +--------+--------+--------+--------+--------+-----+--------+

Top non-repeatable levels by time:
     D:2: 1154 daAuts
     D:1: 770 daAuts
     D:3: 75 daAuts
